Canucks vs Wild

Created - 21 janvier 2024 at 11:31

Goals
1 2 3 T
Canucks 1 1 0 2
Wild 0 0 0 0
Shots
1 2 3 T
Canucks 7 6 14 27
Wild 8 10 6 24

GoalsPenalties
1st period
1. Canucks , Ryan Johansen 17 (Jonathan Huberdeau 19, John Tavares 42) at 17:06 (PP)
Sebastien Aho (MIN) for Fighting (Major) at 3:40
Marcus Bjork (VAN) for Fighting (Major) at 3:40
Marcus Bjork (VAN) for instigated a fight (Minor) at 3:40
Marcus Bjork (VAN) for instigated a fight (10 Minutes Misconduct) at 3:40
Phillip Danault (MIN) for High sticking (Minor) at 16:52
Ryan Johansen (VAN) for Hooking (Minor) at 17:48
2nd period
2. Canucks , Jeff Petry 6 (Brian Dumoulin 12, Eeli Tolvanen 25) at 18:22 (PP)
Sidney Crosby (MIN) for Roughing (Minor) at 17:21
3rd period
No Goal
Clayton Keller (MIN) for Slashing (Minor) at 1:15
John Tavares (VAN) for Diving (Minor) at 3:44
Jonathan Toews (VAN) for Slashing (Minor) at 10:22
John Tavares (VAN) for High sticking (Minor) at 17:35
Goalie Stats
Anton Forsberg (VAN), 24 saves from 24 shots - (1,000), W, 28-20-2, 60:00 minutes
Jeremy Swayman (MIN), 25 saves from 27 shots - (0,926), L, 25-20-1, 60:00 minutes
3 StarsOfficial
1 - Anton Forsberg (VAN)
2 - Jeff Petry (VAN)
3 - Jonathan Huberdeau (VAN)
Referees : Ian Walsh and John Hoolihan
Linesman : Diana Mokhova and Jonny Murray
Game Note
Marcus Bjork beats up Sebastien Aho at 3:40 of 1st period
Finance
Level 1 -- Attendance: 4112 (69%) -- Ticket Income $411,200
Level 2 -- Attendance: 3940 (79%) -- Ticket Income $236,400
Level 3 -- Attendance: 2064 (100%) -- Ticket Income $72,240
Level 4 -- Attendance: 2784 (70%) -- Ticket Income $55,680
Luxury Box -- Attendance: 1000 (100%) -- Ticket Income $200,000
Game was played at the Xcel Energy Center.
Total Attendance: 13900 (77%)
Total Ticket Income: $975,520
Other Income: $292,656
Total Income: $1,268,176



Team Name Goals Shots Shots Attemp Shots Blocked PIM HIT PP PK FO%
Canucks 22754925212 / 3 (67%)058%
Wild 024411411200 / 5 (0%)242%

Canucks
Player Name POS G A P +/- PIM HIT SHT SB MP PP MP PP SHT PK MP PK SHT FO% FOT GA TA
Austin WatsonLW/RW0000041016:030:5800:0000% 000
Brian DumoulinD0110003128:032:4815:3700% 001
Eeli TolvanenLW/RW0110006016:060:5800:0200% 030
Jeff PetryD1010012125:022:4815:3700% 001
Jesse PuljujarviRW0000003012:340:0000:0000% 000
John TavaresC/LW0110421022:482:1602:54050% 2200
Jonathan DrouinC/LW000000019:050:0003:23050% 200
Jonathan HuberdeauLW/RW0110053024:532:1624:58050% 401
Jonathan ToewsC0000213018:230:5801:52073% 1500
Justin SchultzD0000001218:350:2604:1800% 000
Marcus BjorkD0000171002:430:0000:0000% 000
Mikey AndersonD0000030118:130:2604:1800% 000
Nils AmanC000001001:450:0000:000100% 100
Oliver Ekman-LarssonD0000000114:030:0000:0000% 000
Pierre-Edouard BellemareC/LW0000011016:310:0003:57056% 901
Ryan JohansenC/RW1010221018:102:1611:20050% 200
Vincent DesharnaisD0000000113:200:0000:0000% 000
William CarrierLW0000002113:430:0001:2400% 000
Wild
Player Name POS G A P +/- PIM HIT SHT SB MP PP MP PP SHT PK MP PK SHT FO% FOT GA TA
Alex KillornLW/RW0000013221:475:1702:4400% 010
Alexander BarabanovLW/RW000000006:510:0400:0000% 010
Artemi PanarinLW0000032119:334:3400:2300% 000
Brady SkjeiD0000011226:235:4602:5100% 010
Clayton KellerLW/RW0000223020:264:4100:0000% 000
Derek ForbortD0000020222:024:0900:2300% 000
Eric RobinsonLW0000000112:150:0000:0000% 000
Erik JohnsonD0000000121:334:0900:2300% 001
Kyle BurroughsD000000000:000:0000:0000% 000
Logan O'ConnorLW/RW0000022013:320:1000:0700% 000
Mikko RantanenC/RW0000024224:315:0412:44050% 1000
Moritz SeiderD0000021026:275:4602:5100% 000
Nic DowdC000000005:550:0000:00050% 201
Nils LundkvistD0000000012:200:0000:0000% 000
Phillip DanaultC0000225113:190:0400:00025% 801
Sebastien AhoD0000510011:140:0000:0000% 000
Sidney CrosbyC0000212019:255:1700:23046% 2410
Tomas HertlC0000011219:094:3400:07036% 1100

Canucks

5 vs 5 Forward
Line #Left WingCenterRight WingPHYDFOFWanted %Time %Time Play
1Jonathan HuberdeauJohn TavaresRyan Johansen1224031%14:33
2Eeli TolvanenJonathan ToewsAustin Watson1223033%15:33
3William CarrierPierre-Edouard BellemareJesse Puljujarvi1222026%12:19
4John TavaresJonathan DrouinJonathan Huberdeau122109%4:26
5 vs 5 Defense
Line #DefenseDefensePHYDFOFWanted %Time %Time Play
1Brian DumoulinJeff Petry1224035%16:10
2Mikey AndersonJustin Schultz1223029%13:29
3Oliver Ekman-LarssonVincent Desharnais1222027%12:47
4Marcus BjorkBrian Dumoulin122109%4:25
Power Play Forward
Line #Left WingCenterRight WingPHYDFOFWanted %Time %Time Play
1Jonathan HuberdeauJohn TavaresRyan Johansen1226070%2:16
2Eeli TolvanenJonathan ToewsAustin Watson1224030%0:58
Power Play Defense
Line #DefenseDefensePHYDFOFWanted %Time %Time Play
1Brian DumoulinJeff Petry1226087%2:48
2Mikey AndersonJustin Schultz1224013%0:26
Penalty Kill 4 Players Forward
Line #CenterWingPHYDFOFWanted %Time %Time Play
1John TavaresJonathan Huberdeau1226079%7:52
2Ryan JohansenJonathan Toews1224021%2:03
Penalty Kill 4 Players Defense
Line #DefenseDefensePHYDFOFWanted %Time %Time Play
1Brian DumoulinJeff Petry1226057%5:37
2Mikey AndersonJustin Schultz1224043%4:18
Penalty Kill 3 Players
Line #WingPHYDFOFWanted %Time %Time PlayDefenseDefensePHYDFOFWanted %Time %Time Play
1John Tavares122600%0:00 Brian DumoulinJeff Petry122600%0:00
2Jonathan Huberdeau122400%0:00 Mikey AndersonJustin Schultz122400%0:00
4 vs 4 Forward
Line #CenterWingPHYDFOFWanted %Time %Time Play
1John TavaresJonathan Huberdeau122600%0:00
2Ryan JohansenJonathan Toews122400%0:00
4 vs 4 Defense
Line #DefensePHYDFOFWanted %Time %Time Play
1Brian DumoulinJeff Petry122600%0:00
2Mikey AndersonJustin Schultz122400%0:00
Last Minutes Offensive
Left WingCenterRight WingDefenseDefense
Jonathan HuberdeauJohn TavaresRyan JohansenBrian DumoulinJeff Petry
Last Minutes Defensive
Left WingCenterRight WingDefenseDefense
Jonathan HuberdeauJohn TavaresRyan JohansenBrian DumoulinJeff Petry
Time
Total ForwardTotal DefenseLast Minutes OffensiveLast Minutes Defensive
60:00 60:00 0:000:00
Extra Forwards
Normal PowerPlayPenalty Kill
Nils Aman, William Carrier, Pierre-Edouard BellemareNils Aman, William CarrierPierre-Edouard Bellemare
Extra Defensemen
Normal PowerPlayPenalty Kill
Oliver Ekman-Larsson, Vincent Desharnais, Marcus BjorkOliver Ekman-Larsson, Vincent DesharnaisMarcus Bjork
Penalty Shots
John Tavares, Jonathan Huberdeau, Ryan Johansen, Jonathan Toews, Eeli Tolvanen
Goalie
Anton Forsberg, Mackenzie Blackwood
Scratches
None

Wild

5 vs 5 Forward
Line #Left WingCenterRight WingPHYDFOFWanted %Time %Time Play
1Alex KillornSidney CrosbyMikko Rantanen0234132%14:46
2Artemi PanarinTomas HertlClayton Keller0233130%13:55
3Eric RobinsonPhillip DanaultLogan O'Connor0232026%12:15
4Alexander BarabanovNic DowdMikko Rantanen023813%5:55
5 vs 5 Defense
Line #DefenseDefensePHYDFOFWanted %Time %Time Play
1Moritz SeiderBrady Skjei1224237%17:30
2Erik JohnsonDerek Forbort1223536%17:01
3Sebastien AhoNils Lundkvist1222326%12:20
4Moritz SeiderBrady Skjei04100%0:00
Power Play Forward
Line #Left WingCenterRight WingPHYDFOFWanted %Time %Time Play
1Alex KillornSidney CrosbyMikko Rantanen0057054%5:21
2Artemi PanarinTomas HertlClayton Keller0143046%4:34
Power Play Defense
Line #DefenseDefensePHYDFOFWanted %Time %Time Play
1Moritz SeiderBrady Skjei0146558%5:46
2Erik JohnsonDerek Forbort0233542%4:09
Penalty Kill 4 Players Forward
Line #CenterWingPHYDFOFWanted %Time %Time Play
1Mikko RantanenAlex Killorn1406088%2:51
2Sidney CrosbyArtemi Panarin1404012%0:23
Penalty Kill 4 Players Defense
Line #DefenseDefensePHYDFOFWanted %Time %Time Play
1Moritz SeiderBrady Skjei1406088%2:51
2Erik JohnsonDerek Forbort1404012%0:23
Penalty Kill 3 Players
Line #WingPHYDFOFWanted %Time %Time PlayDefenseDefensePHYDFOFWanted %Time %Time Play
1Mikko Rantanen140600%0:00 Moritz SeiderBrady Skjei140600%0:00
2Sidney Crosby140400%0:00 Erik JohnsonDerek Forbort140400%0:00
4 vs 4 Forward
Line #CenterWingPHYDFOFWanted %Time %Time Play
1Mikko RantanenAlex Killorn122650%0:00
2Sidney CrosbyArtemi Panarin122350%0:00
4 vs 4 Defense
Line #DefensePHYDFOFWanted %Time %Time Play
1Moritz SeiderBrady Skjei122600%0:00
2Erik JohnsonDerek Forbort122400%0:00
Last Minutes Offensive
Left WingCenterRight WingDefenseDefense
Alex KillornSidney CrosbyMikko RantanenMoritz SeiderBrady Skjei
Last Minutes Defensive
Left WingCenterRight WingDefenseDefense
Alex KillornSidney CrosbyMikko RantanenMoritz SeiderBrady Skjei
Time
Total ForwardTotal DefenseLast Minutes OffensiveLast Minutes Defensive
60:00 60:00 0:000:00
Extra Forwards
Normal PowerPlayPenalty Kill
Tomas Hertl, Artemi Panarin, Phillip DanaultTomas Hertl, Artemi PanarinTomas Hertl
Extra Defensemen
Normal PowerPlayPenalty Kill
Derek Forbort, Sebastien Aho, Moritz SeiderDerek Forbort, Derek ForbortSebastien Aho
Penalty Shots
Mikko Rantanen, Sidney Crosby, Clayton Keller, Alex Killorn, Tomas Hertl
Goalie
Jeremy Swayman, Casey DeSmith
Scratches
Jakub Vrana (Healthy), Jake Bean (Healthy)


Play-by-Play

1st period


0:01 of 1st period - Sidney Crosby wins face-off versus John Tavares in neutral zone.
0:06 of 1st period - Snap shot by Sidney Crosby.
0:06 of 1st period - Shot Misses the Net.
0:14 of 1st period - Alex Killorn is hit by Ryan Johansen and loses puck.
0:27 of 1st period - Jonathan Toews is hit by Artemi Panarin.
0:37 of 1st period - Slapshot by Jonathan Toews.
0:37 of 1st period - Shot Misses the Net.
0:50 of 1st period - Brady Skjei is hit by Mikey Anderson.
0:58 of 1st period - Wrist shot by Justin Schultz.
0:58 of 1st period - Shot Blocked by Phillip Danault.
2:30 of 1st period - Erik Johnson is hit by Austin Watson and loses puck.
2:39 of 1st period - Slapshot by Jonathan Toews.
2:39 of 1st period - Stopped by Jeremy Swayman without a rebound.
2:40 of 1st period - Pierre-Edouard Bellemare wins face-off versus Sidney Crosby in Wild zone.
3:20 of 1st period - Slapshot by Clayton Keller.
3:20 of 1st period - Shot Blocked by Vincent Desharnais.
3:34 of 1st period - Slapshot by Phillip Danault.
3:34 of 1st period - Stopped by Anton Forsberg without a rebound.
3:35 of 1st period - Jonathan Toews wins face-off versus Phillip Danault in Canucks zone.
3:39 of 1st period - Off-side.
3:40 of 1st period - Jonathan Toews wins face-off versus Sidney Crosby in neutral zone.
3:40 of 1st period - Marcus Bjork beats up Sebastien Aho.
3:40 of 1st period - Penalty to Sebastien Aho for Fighting.
3:40 of 1st period - Penalty to Marcus Bjork for Fighting.
3:40 of 1st period - Penalty to Marcus Bjork for instigated a fight.
3:40 of 1st period - Penalty to Marcus Bjork for instigated a fight.
3:41 of 1st period - Jonathan Huberdeau wins face-off versus Sidney Crosby in neutral zone.
4:53 of 1st period - Brady Skjei is hit by Mikey Anderson.
5:40 of 1st period - Penalty to Marcus Bjork is over, Pierre-Edouard Bellemare is send on ice.
6:20 of 1st period - Slapshot by Jesse Puljujarvi.
6:20 of 1st period - Stopped by Jeremy Swayman without a rebound.
6:21 of 1st period - Nils Aman wins face-off versus Phillip Danault in Wild zone.
7:18 of 1st period - Snap shot by Logan O'Connor.
7:18 of 1st period - Stopped by Anton Forsberg without a rebound.
7:19 of 1st period - Jonathan Toews wins face-off versus Phillip Danault in Canucks zone.
7:50 of 1st period - Snap shot by Mikko Rantanen.
7:50 of 1st period - Deflect By Alex Killorn.
7:50 of 1st period - Stopped by Anton Forsberg without a rebound.
7:51 of 1st period - Sidney Crosby wins face-off versus Ryan Johansen in Canucks zone.
8:38 of 1st period - Snap shot by Logan O'Connor.
8:38 of 1st period - Shot Blocked by William Carrier.
9:32 of 1st period - Snap shot by Jesse Puljujarvi.
9:32 of 1st period - Stopped by Jeremy Swayman with a rebound.
9:34 of 1st period - Snap shot by William Carrier.
9:34 of 1st period - Shot Blocked by Derek Forbort.
9:36 of 1st period - Slapshot by Justin Schultz.
9:36 of 1st period - Shot Misses the Net.
9:38 of 1st period - Slapshot by Mikey Anderson.
9:38 of 1st period - Shot Misses the Net.
9:48 of 1st period - Slapshot by Jonathan Toews.
9:48 of 1st period - Stopped by Jeremy Swayman with a rebound.
10:00 of 1st period - Snap shot by Phillip Danault.
10:00 of 1st period - Stopped by Anton Forsberg without a rebound.
10:01 of 1st period - Jonathan Drouin wins face-off versus Sidney Crosby in Canucks zone.
10:49 of 1st period - Jeff Petry is hit by Logan O'Connor.
11:29 of 1st period - Sidney Crosby is hit by Jonathan Huberdeau and loses puck.
12:16 of 1st period - Wrist shot by Sidney Crosby.
12:16 of 1st period - Shot Misses the Net.
12:26 of 1st period - Wrist shot by Mikko Rantanen.
12:26 of 1st period - Stopped by Anton Forsberg without a rebound.
12:27 of 1st period - Jonathan Toews wins face-off versus Tomas Hertl in Canucks zone.
12:31 of 1st period - Off-side.
12:32 of 1st period - Jonathan Toews wins face-off versus Tomas Hertl in neutral zone.
12:49 of 1st period - Brian Dumoulin is hit by Artemi Panarin and loses puck.
13:55 of 1st period - John Tavares is hit by Sebastien Aho.
13:59 of 1st period - Nic Dowd is hit by John Tavares and loses puck.
14:10 of 1st period - Mikey Anderson is hit by Phillip Danault and loses puck.
14:23 of 1st period - William Carrier is hit by Clayton Keller and loses puck.
14:39 of 1st period - Oliver Ekman-Larsson is hit by Sidney Crosby and loses puck.
15:00 of 1st period - Backhand shot by Phillip Danault.
15:00 of 1st period - Stopped by Anton Forsberg with a rebound.
15:30 of 1st period - Snap shot by Jesse Puljujarvi.
15:30 of 1st period - Stopped by Jeremy Swayman with a rebound.
15:54 of 1st period - Oliver Ekman-Larsson is hit by Phillip Danault and loses puck.
16:11 of 1st period - Snap shot by Clayton Keller.
16:11 of 1st period - Stopped by Anton Forsberg without a rebound.
16:12 of 1st period - Nic Dowd wins face-off versus Pierre-Edouard Bellemare in Canucks zone.
16:52 of 1st period - Minor Penalty to Phillip Danault for High sticking.
16:53 of 1st period - John Tavares wins face-off versus Mikko Rantanen in Wild zone.
17:04 of 1st period - Wrist shot by Jonathan Huberdeau.
17:04 of 1st period - Stopped by Jeremy Swayman with a rebound.
17:06 of 1st period - Snap shot by Ryan Johansen.
17:06 of 1st period - Goal by Ryan Johansen - Canucks : 1 - Wild : 0.
17:07 of 1st period - Sidney Crosby wins face-off versus John Tavares in neutral zone.
17:22 of 1st period - Wrist shot by Alex Killorn.
17:22 of 1st period - Stopped by Anton Forsberg with a rebound.
17:27 of 1st period - Icing by Jeff Petry.
17:28 of 1st period - Jonathan Huberdeau wins face-off versus Tomas Hertl in Canucks zone.
17:32 of 1st period - Off-side.
17:33 of 1st period - Tomas Hertl wins face-off versus John Tavares in neutral zone.
17:48 of 1st period - Minor Penalty to Ryan Johansen for Hooking.
17:49 of 1st period - Mikko Rantanen wins face-off versus John Tavares in Canucks zone.
18:24 of 1st period - Backhand shot by Jonathan Toews.
18:24 of 1st period - Shot Misses the Net.
18:26 of 1st period - Wrist shot by Jonathan Toews.
18:26 of 1st period - Shot Blocked by Artemi Panarin.
18:40 of 1st period - 10 Minutes Misconduct Penalty to Marcus Bjork is over.
19:21 of 1st period - Alex Killorn is hit by Jeff Petry and loses puck.
19:48 of 1st period - Penalty to Ryan Johansen is over, Ryan Johansen is back on ice.
19:52 of 1st period - Jeff Petry is hit by Brady Skjei and loses puck.
Goals for this period are 1 for Canucks vs 0 for Wild.
Shots for this period are 7 for Canucks vs 8 for Wild.

2nd period


0:01 of 2nd period - John Tavares wins face-off versus Sidney Crosby in neutral zone.
0:16 of 2nd period - Wrist shot by Jonathan Huberdeau.
0:16 of 2nd period - Shot Blocked by Erik Johnson.
0:30 of 2nd period - Jonathan Toews is hit by Clayton Keller and loses puck.
0:53 of 2nd period - Wrist shot by Logan O'Connor.
0:53 of 2nd period - Stopped by Anton Forsberg without a rebound.
0:54 of 2nd period - Pierre-Edouard Bellemare wins face-off versus Sidney Crosby in Canucks zone.
0:58 of 2nd period - Off-side.
0:59 of 2nd period - Ryan Johansen wins face-off versus Sidney Crosby in neutral zone.
1:02 of 2nd period - Alex Killorn is hit by Jonathan Huberdeau and loses puck.
1:22 of 2nd period - Icing by Justin Schultz.
1:23 of 2nd period - Tomas Hertl wins face-off versus Jonathan Huberdeau in Canucks zone.
1:36 of 2nd period - Wrist shot by Artemi Panarin.
1:36 of 2nd period - Shot Blocked by Justin Schultz.
1:38 of 2nd period - Slapshot by Artemi Panarin.
1:38 of 2nd period - Deflect By Clayton Keller.
1:38 of 2nd period - Shot Blocked by Justin Schultz.
1:38 of 2nd period - Puck is out of play.
1:39 of 2nd period - Jonathan Toews wins face-off versus Mikko Rantanen in Canucks zone.
3:26 of 2nd period - Tomas Hertl is hit by Jonathan Huberdeau and loses puck.
4:34 of 2nd period - Erik Johnson is hit by Austin Watson and loses puck.
4:43 of 2nd period - Eeli Tolvanen is hit by Moritz Seider and loses puck.
5:02 of 2nd period - Snap shot by Eric Robinson.
5:02 of 2nd period - Shot Blocked by Mikey Anderson.
5:04 of 2nd period - Backhand shot by Phillip Danault.
5:04 of 2nd period - Stopped by Anton Forsberg with a rebound.
6:29 of 2nd period - Eeli Tolvanen is hit by Derek Forbort and loses puck.
7:07 of 2nd period - Snap shot by Clayton Keller.
7:07 of 2nd period - Stopped by Anton Forsberg without a rebound.
7:08 of 2nd period - Sidney Crosby wins face-off versus John Tavares in Canucks zone.
7:11 of 2nd period - Snap shot by Alex Killorn.
7:11 of 2nd period - Shot Misses the Net.
7:13 of 2nd period - Wrist shot by Sidney Crosby.
7:13 of 2nd period - Stopped by Anton Forsberg with a rebound.
7:15 of 2nd period - Backhand shot by Mikko Rantanen.
7:15 of 2nd period - Stopped by Anton Forsberg without a rebound.
7:16 of 2nd period - John Tavares wins face-off versus Sidney Crosby in Canucks zone.
7:33 of 2nd period - Snap shot by Alex Killorn.
7:33 of 2nd period - Shot Misses the Net.
7:37 of 2nd period - Wrist shot by Alex Killorn.
7:37 of 2nd period - Stopped by Anton Forsberg without a rebound.
7:38 of 2nd period - Pierre-Edouard Bellemare wins face-off versus Phillip Danault in Canucks zone.
7:47 of 2nd period - Snap shot by William Carrier.
7:47 of 2nd period - Stopped by Jeremy Swayman with a rebound.
7:49 of 2nd period - Slapshot by Mikey Anderson.
7:49 of 2nd period - Deflect By William Carrier.
7:49 of 2nd period - Shot Blocked by Eric Robinson.
7:49 of 2nd period - Puck is out of play.
7:50 of 2nd period - John Tavares wins face-off versus Sidney Crosby in Wild zone.
7:51 of 2nd period - Snap shot by Jonathan Huberdeau.
7:51 of 2nd period - Shot Blocked by Brady Skjei.
8:03 of 2nd period - Jeff Petry is hit by Alex Killorn and loses puck.
8:16 of 2nd period - Clayton Keller is hit by Austin Watson and loses puck.
8:37 of 2nd period - Wrist shot by Jonathan Toews.
8:37 of 2nd period - Shot Blocked by Derek Forbort.
10:49 of 2nd period - Slapshot by Brady Skjei.
10:49 of 2nd period - Stopped by Anton Forsberg with a rebound.
10:51 of 2nd period - Snap shot by Tomas Hertl.
10:51 of 2nd period - Shot Misses the Net.
10:53 of 2nd period - Slapshot by Moritz Seider.
10:53 of 2nd period - Stopped by Anton Forsberg with a rebound.
11:03 of 2nd period - Jesse Puljujarvi is hit by Moritz Seider and loses puck.
11:16 of 2nd period - Wrist shot by John Tavares.
11:16 of 2nd period - Shot Misses the Net.
11:18 of 2nd period - Slapshot by Mikey Anderson.
11:18 of 2nd period - Shot Misses the Net.
11:30 of 2nd period - Eeli Tolvanen is hit by Tomas Hertl and loses puck.
11:53 of 2nd period - Brian Dumoulin is hit by Mikko Rantanen and loses puck.
13:10 of 2nd period - Eric Robinson is hit by Austin Watson and loses puck.
14:16 of 2nd period - Sebastien Aho is hit by Nils Aman.
14:55 of 2nd period - Snap shot by Logan O'Connor.
14:55 of 2nd period - Shot Misses the Net.
15:50 of 2nd period - Slapshot by Artemi Panarin.
15:50 of 2nd period - Stopped by Anton Forsberg without a rebound.
15:51 of 2nd period - Jonathan Toews wins face-off versus Nic Dowd in Canucks zone.
16:17 of 2nd period - Icing by Erik Johnson.
16:18 of 2nd period - Pierre-Edouard Bellemare wins face-off versus Phillip Danault in Wild zone.
17:16 of 2nd period - Snap shot by Pierre-Edouard Bellemare.
17:16 of 2nd period - Stopped by Jeremy Swayman without a rebound.
17:17 of 2nd period - John Tavares wins face-off versus Sidney Crosby in Wild zone.
17:21 of 2nd period - Minor Penalty to Sidney Crosby for Roughing.
17:22 of 2nd period - Mikko Rantanen wins face-off versus John Tavares in Wild zone.
17:31 of 2nd period - Icing by Jonathan Huberdeau.
17:32 of 2nd period - John Tavares wins face-off versus Mikko Rantanen in Canucks zone.
17:46 of 2nd period - Off-side.
17:47 of 2nd period - John Tavares wins face-off versus Mikko Rantanen in neutral zone.
18:18 of 2nd period - Snap shot by Eeli Tolvanen.
18:18 of 2nd period - Shot Misses the Net.
18:20 of 2nd period - Slapshot by Brian Dumoulin.
18:20 of 2nd period - Shot Blocked by Mikko Rantanen.
18:22 of 2nd period - Slapshot by Jeff Petry.
18:22 of 2nd period - Deflect By Moritz Seider.
18:22 of 2nd period - Goal by Jeff Petry - Canucks : 2 - Wild : 0.
18:23 of 2nd period - John Tavares wins face-off versus Tomas Hertl in neutral zone.
18:32 of 2nd period - Slapshot by Jonathan Huberdeau.
18:32 of 2nd period - Stopped by Jeremy Swayman without a rebound.
18:33 of 2nd period - John Tavares wins face-off versus Tomas Hertl in Wild zone.
18:52 of 2nd period - Snap shot by Clayton Keller.
18:52 of 2nd period - Shot Misses the Net.
18:54 of 2nd period - Wrist shot by Tomas Hertl.
18:54 of 2nd period - Stopped by Anton Forsberg without a rebound.
18:55 of 2nd period - Jonathan Toews wins face-off versus Sidney Crosby in Canucks zone.
19:04 of 2nd period - Backhand shot by Justin Schultz.
19:04 of 2nd period - Stopped by Jeremy Swayman with a rebound.
19:06 of 2nd period - Snap shot by Jonathan Toews.
19:06 of 2nd period - Shot Misses the Net.
19:08 of 2nd period - Slapshot by Eeli Tolvanen.
19:08 of 2nd period - Stopped by Jeremy Swayman with a rebound.
19:10 of 2nd period - Snap shot by Austin Watson.
19:10 of 2nd period - Shot Blocked by Mikko Rantanen.
19:52 of 2nd period - Icing by Pierre-Edouard Bellemare.
19:53 of 2nd period - Sidney Crosby wins face-off versus Pierre-Edouard Bellemare in Canucks zone.
Goals for this period are 1 for Canucks vs 0 for Wild.
Shots for this period are 6 for Canucks vs 10 for Wild.

3rd period


0:01 of 3rd period - Sidney Crosby wins face-off versus John Tavares in neutral zone.
0:50 of 3rd period - Wrist shot by Eeli Tolvanen.
0:50 of 3rd period - Shot Misses the Net.
0:52 of 3rd period - Slapshot by Oliver Ekman-Larsson.
0:52 of 3rd period - Shot Blocked by Alex Killorn.
0:54 of 3rd period - Snap shot by Eeli Tolvanen.
0:54 of 3rd period - Stopped by Jeremy Swayman without a rebound.
0:55 of 3rd period - Jonathan Toews wins face-off versus Tomas Hertl in Wild zone.
1:15 of 3rd period - Minor Penalty to Clayton Keller for Slashing.
1:16 of 3rd period - John Tavares wins face-off versus Mikko Rantanen in Wild zone.
1:28 of 3rd period - Snap shot by Jonathan Huberdeau.
1:28 of 3rd period - Shot Hit the Post.
1:30 of 3rd period - Slapshot by Brian Dumoulin.
1:30 of 3rd period - Shot Misses the Net.
1:32 of 3rd period - Slapshot by Brian Dumoulin.
1:32 of 3rd period - Stopped by Jeremy Swayman without a rebound.
1:33 of 3rd period - Mikko Rantanen wins face-off versus John Tavares in Wild zone.
2:00 of 3rd period - Icing by Austin Watson.
2:01 of 3rd period - Mikko Rantanen wins face-off versus Jonathan Toews in Canucks zone.
2:10 of 3rd period - Alex Killorn is hit by John Tavares and loses puck.
2:19 of 3rd period - Wrist shot by John Tavares.
2:19 of 3rd period - Deflect By Jonathan Huberdeau.
2:19 of 3rd period - Stopped by Jeremy Swayman without a rebound.
2:20 of 3rd period - Mikko Rantanen wins face-off versus John Tavares in Wild zone.
2:35 of 3rd period - Snap shot by Jonathan Huberdeau.
2:35 of 3rd period - Shot Blocked by Brady Skjei.
3:15 of 3rd period - Penalty to Clayton Keller is over, Clayton Keller is back on ice.
3:17 of 3rd period - Tomas Hertl is hit by Jonathan Toews and loses puck.
3:38 of 3rd period - Wrist shot by William Carrier.
3:38 of 3rd period - Stopped by Jeremy Swayman without a rebound.
3:39 of 3rd period - Tomas Hertl wins face-off versus John Tavares in Wild zone.
3:39 of 3rd period - Tomas Hertl is hit by Ryan Johansen.
3:44 of 3rd period - Minor Penalty to John Tavares for Diving.
3:45 of 3rd period - Pierre-Edouard Bellemare wins face-off versus Sidney Crosby in Canucks zone.
5:14 of 3rd period - William Carrier is hit by Mikko Rantanen and loses puck.
5:44 of 3rd period - Penalty to John Tavares is over, John Tavares is back on ice.
6:12 of 3rd period - Icing by Oliver Ekman-Larsson.
6:13 of 3rd period - Phillip Danault wins face-off versus Jonathan Toews in Canucks zone.
6:14 of 3rd period - Slapshot by Logan O'Connor.
6:14 of 3rd period - Shot Blocked by Oliver Ekman-Larsson.
6:36 of 3rd period - Jonathan Toews is hit by Artemi Panarin and loses puck.
6:47 of 3rd period - Snap shot by Eeli Tolvanen.
6:47 of 3rd period - Stopped by Jeremy Swayman without a rebound.
6:48 of 3rd period - John Tavares wins face-off versus Sidney Crosby in Wild zone.
6:49 of 3rd period - Wrist shot by Jonathan Huberdeau.
6:49 of 3rd period - Shot Blocked by Alex Killorn.
6:51 of 3rd period - Slapshot by Jeff Petry.
6:51 of 3rd period - Stopped by Jeremy Swayman with a rebound.
6:53 of 3rd period - Wrist shot by Brian Dumoulin.
6:53 of 3rd period - Stopped by Jeremy Swayman with a rebound.
6:55 of 3rd period - Snap shot by John Tavares.
6:55 of 3rd period - Stopped by Jeremy Swayman with a rebound.
6:59 of 3rd period - Slapshot by John Tavares.
6:59 of 3rd period - Shot Misses the Net.
7:57 of 3rd period - Derek Forbort is hit by Mikey Anderson and loses puck.
8:49 of 3rd period - Snap shot by Sidney Crosby.
8:49 of 3rd period - Stopped by Anton Forsberg with a rebound.
9:13 of 3rd period - Sidney Crosby is hit by Marcus Bjork.
9:50 of 3rd period - John Tavares is hit by Derek Forbort and loses puck.
10:22 of 3rd period - Minor Penalty to Jonathan Toews for Slashing.
10:23 of 3rd period - Sidney Crosby wins face-off versus John Tavares in Canucks zone.
10:24 of 3rd period - Snap shot by Mikko Rantanen.
10:24 of 3rd period - Stopped by Anton Forsberg with a rebound.
12:22 of 3rd period - Penalty to Jonathan Toews is over, Jonathan Toews is back on ice.
12:26 of 3rd period - Off-side.
12:27 of 3rd period - Jonathan Toews wins face-off versus Phillip Danault in neutral zone.
13:01 of 3rd period - Snap shot by Mikko Rantanen.
13:01 of 3rd period - Stopped by Anton Forsberg with a rebound.
13:41 of 3rd period - Backhand shot by Derek Forbort.
13:41 of 3rd period - Shot Blocked by Brian Dumoulin.
13:43 of 3rd period - Slapshot by Derek Forbort.
13:43 of 3rd period - Shot Blocked by Jeff Petry.
13:57 of 3rd period - Clayton Keller is hit by Pierre-Edouard Bellemare and loses puck.
14:12 of 3rd period - Snap shot by Eeli Tolvanen.
14:12 of 3rd period - Stopped by Jeremy Swayman without a rebound.
14:13 of 3rd period - Sidney Crosby wins face-off versus Jonathan Toews in Wild zone.
14:29 of 3rd period - Wrist shot by Jonathan Toews.
14:29 of 3rd period - Stopped by Jeremy Swayman with a rebound.
14:45 of 3rd period - Eric Robinson is hit by Jonathan Huberdeau and loses puck.
15:23 of 3rd period - Sidney Crosby is hit by Jonathan Huberdeau and loses puck.
15:36 of 3rd period - Wrist shot by John Tavares.
15:36 of 3rd period - Shot Misses the Net.
15:38 of 3rd period - Slapshot by Brian Dumoulin.
15:38 of 3rd period - Stopped by Jeremy Swayman without a rebound.
15:39 of 3rd period - Jonathan Toews wins face-off versus Tomas Hertl in Wild zone.
15:46 of 3rd period - Snap shot by Eeli Tolvanen.
15:46 of 3rd period - Stopped by Jeremy Swayman with a rebound.
15:48 of 3rd period - Slapshot by Mikey Anderson.
15:48 of 3rd period - Shot Blocked by Tomas Hertl.
15:50 of 3rd period - Snap shot by Austin Watson.
15:50 of 3rd period - Stopped by Jeremy Swayman with a rebound.
15:52 of 3rd period - Snap shot by Justin Schultz.
15:52 of 3rd period - Shot Blocked by Tomas Hertl.
15:54 of 3rd period - Snap shot by Eeli Tolvanen.
15:54 of 3rd period - Stopped by Jeremy Swayman with a rebound.
16:08 of 3rd period - Icing by Tomas Hertl.
16:09 of 3rd period - Tomas Hertl wins face-off versus Jonathan Toews in Wild zone.
16:26 of 3rd period - Wrist shot by Clayton Keller.
16:26 of 3rd period - Shot Misses the Net.
16:28 of 3rd period - Snap shot by Artemi Panarin.
16:28 of 3rd period - Stopped by Anton Forsberg with a rebound.
16:34 of 3rd period - Wrist shot by Clayton Keller.
16:34 of 3rd period - Stopped by Anton Forsberg without a rebound.
16:35 of 3rd period - Sidney Crosby wins face-off versus Jonathan Drouin in Canucks zone.
17:01 of 3rd period - Icing by Mikko Rantanen.
17:02 of 3rd period - Phillip Danault wins face-off versus Pierre-Edouard Bellemare in Wild zone.
17:11 of 3rd period - Snap shot by Phillip Danault.
17:11 of 3rd period - Stopped by Anton Forsberg without a rebound.
17:12 of 3rd period - Sidney Crosby wins face-off versus Jonathan Huberdeau in Canucks zone.
17:17 of 3rd period - Slapshot by Mikko Rantanen.
17:17 of 3rd period - Shot Blocked by Jonathan Drouin.
17:35 of 3rd period - Minor Penalty to John Tavares for High sticking.
17:36 of 3rd period - Sidney Crosby wins face-off versus Pierre-Edouard Bellemare in Canucks zone.
19:35 of 3rd period - Penalty to John Tavares is over, John Tavares is back on ice.
19:55 of 3rd period - Jonathan Huberdeau is hit by Logan O'Connor and loses puck.
Goals for this period are 0 for Canucks vs 0 for Wild.
Shots for this period are 14 for Canucks vs 6 for Wild.